 Dungeon Crawl Stone Soup version 0.30.1-9-gdf580d7c3d (webtiles) character file.

Game seed: 15200037326312508709

655 KittyFluff the Cudgeller (level 7, -2/66 HPs)
             Began as a Gargoyle Berserker on Oct 5, 2023.
             Was a Priest of Trog.
             Slain by an ogre
             ... wielding a +0 giant club
              (11 damage)
             ... on level 5 of the Dungeon.
             The game lasted 00:14:45 (3697 turns).

KittyFluff the Cudgeller (Gargoyle Berserker)       Turns: 3697, Time: 00:14:46

Health: -2/66      AC: 14    Str: 26    XL:     7   Next: 54%
Magic:  7/7        EV: 11    Int:  7    God:    Trog [***...]
Gold:   184        SH:  5    Dex: 11    Spells: 6/6 levels left

rFire   . . .        a - +0 mace
rCold   . . .        (no shield)
rNeg    + + .        y - +0 ring mail of the Slorg {Contam rN+ Str+5}
rPois   ∞            (no helmet)
rElec   +            v - +0 cloak
rCorr   .            n - +0 pair of gloves
SInv    .            z - +0 pair of boots
Will    .....        t - amulet of reflection Stlth
                     (no ring)
HPRegen 0.31/turn    (no ring)
MPRegen 0.10/turn

%: reflection
@: berserking, very quick
A: sickness immunity, AC +4, negative energy resistance 1, electricity
resistance, torment resistance 1, petrification resistance
a: Renounce Religion, Berserk, Trog's Hand


You were on level 5 of the Dungeon.
You worshipped Trog.
Trog was most pleased with you.
You visited 1 branch of the dungeon, and saw 5 of its levels.

You collected 184 gold pieces.

Inventory:

Hand Weapons
 a - a +0 mace (weapon)
 l - a +0 sling
Missiles
 m - 6 atropa-tipped darts (quivered)
 w - 7 poisoned darts
Armour
 n - a +0 pair of gloves (worn)
 v - a +0 cloak (worn)
 y - the +0 ring mail of the Slorg (worn) {Contam rN+ Str+5}
   (You found it on level 3 of the Dungeon)

   Str:       It affects your strength (+5).
   rN:        It protects you from negative energy.
   Contam:    It causes magical contamination when unequipped.
 z - a +0 pair of boots (worn)
Jewellery
 t - an amulet of reflection (around neck)
Wands
 s - a wand of flame (15)
 A - a wand of roots (3)
Scrolls
 c - 2 scrolls of enchant weapon {unknown}
 d - 5 scrolls of teleportation
 e - a scroll of poison {unknown}
 g - 5 scrolls of identify {unknown}
 h - a scroll of magic mapping {unknown}
 i - 2 scrolls of fear {unknown}
 j - a scroll of noise {unknown}
 k - 2 scrolls of immolation {unknown}
 r - a scroll of vulnerability {unknown}
 x - a scroll of enchant armour {unknown}
Potions
 f - a potion of resistance {unknown}
 o - a potion of heal wounds
 p - a potion of berserk rage {unknown}
 q - a potion of flight {unknown}
 u - a potion of brilliance {unknown}
 B - a potion of mutation {unknown}
 C - a potion of degeneration {unknown}


   Skills:
 + Level 4.7 Fighting
 * Level 5.5 Maces & Flails
 * Level 5.4 Armour
 + Level 3.0 Dodging


You had 6 spell levels left.
You didn't know any spells.
Your spell library was empty.

Dungeon Overview and Level Annotations

Branches:
Dungeon (5/15)
 Temple: D:4-7

Altars:
Cheibriados
Kikubaaqudgha
Wu Jian
The Shining One


Innate Abilities, Weirdness & Mutations

You are immune to sickness and miasma.
Your stone body is resilient. (AC +4)
You are immune to poison.
You resist negative energy. (rN+)
You are resistant to electric shocks. (rElec)
You are resistant to unholy torment.
You are immune to petrification.


Message History

The phantom hits you but does no damage.
You barely miss the phantom.
The phantom is severely damaged.
The phantom barely misses you.
You hit the phantom.
The phantom is almost destroyed.
The phantom hits you.
You barely miss the phantom.
The phantom is almost destroyed.
The phantom closely misses you. x2
You sock the phantom!
You destroy the phantom!
Trog accepts your kill.
Found 17 gold pieces.
An ogre comes into view. It is wielding a +0 giant club.
You see here a scroll labelled VIUF YDINI.
Found 17 gold pieces.
The ogre hits you but does no damage.
You barely miss the ogre. You hit the ogre.
The ogre is lightly wounded.
The ogre hits you with a +0 giant club!!
Ouch! That really hurt!
* * * LOW HITPOINT WARNING * * *
You hit the ogre.
The ogre is moderately wounded.
The ogre closely misses you.
You hit the ogre but do no damage.
The ogre is moderately wounded.
You block the ogre's attack.
You hit the ogre.
The ogre is moderately wounded.
A red film seems to cover your vision as you go berserk!
You feel yourself moving faster!
You feel mighty! The ogre hits you with a +0 giant club!
* * * LOW HITPOINT WARNING * * *
You closely miss the ogre.
The ogre is moderately wounded.
The ogre hits you with a +0 giant club!
You die...

.##............#.....
#...........##.# ###.
#...........#.#
#........)..#.#
##...........##.
#........?...#..
#...............
##...........#..#
#....$.@.....##..
#$.....O.....# #.
#............#
#............#
#...........##
...........##
####..####.# ### .#


You could see an ogre.

Vanquished Creatures
  Sigmund (D:4)
  The ghost of laqueoix the Conjurer, an amateur OpCj (D:3)
  A phantom (D:5)
  A crimson imp (D:4)
  A hound (D:4)
  A sleepcap (D:4)
  An iguana (D:4)
  An orc wizard (D:2)
  A mummy (D:4)
  8 gnolls
  3 adders
  3 worms
  A dart slug (D:2)
  5 orcs
  6 bats
  8 endoplasms
  6 hobgoblins
  5 jackals
  5 kobolds
  A quokka (D:4)
  A ball python (D:2)
  3 frilled lizards
  9 goblins
  A goblin zombie (D:4)
  3 hobgoblin zombies (D:4)
  3 kobold zombies (D:4)
  An orc skeleton (D:4)
  8 rats
89 creatures vanquished.

Notes
Turn   | Place    | Note
-------+----------+-------------------------------------------
     0 | D:1      | KittyFluff the Gargoyle Berserker began the quest for the
                  | Orb.
     0 | D:1      | Reached XP level 1. HP: 14/14 MP: 1/1
   108 | D:1      | Found a faded altar of an unknown god.
   345 | D:1      | Reached XP level 2. HP: 19/19 MP: 2/2
   668 | D:2      | Reached XP level 3. HP: 23/23 MP: 3/3
   741 | D:2      | HP: 1/23 [something/puff of flame (4)]
   758 | D:2      | Reached XP level 4. HP: 24/29 MP: 4/4
   830 | D:2      | Reached ** piety under Trog
  1063 | D:2      | Found an ornate altar of the Wu Jian Council.
  1709 | D:3      | Reached XP level 5. HP: 33/33 MP: 5/5
  1835 | D:4      | Found an ancient bone altar of Kikubaaqudgha.
  2136 | D:4      | Reached XP level 6. HP: 13/38 MP: 6/6
  2286 | D:4      | Found a snail-covered altar of Cheibriados.
  2559 | D:3      | Identified the +0 ring mail of the Slorg {Contam rN+ Str+5}
  2653 | D:3      | Found a runed translucent gate.
  2653 | D:3      | Found a runed translucent gate.
  2653 | D:3      | Found a runed translucent gate.
  2654 | D:3      | Noticed laqueoix's ghost (amateur OpCj)
  2665 | D:3      | Killed laqueoix's ghost
  2807 | D:3      | Found an ornate altar of the Wu Jian Council.
  2813 | D:3      | Noticed a spectral centipede
  2813 | D:3      | Noticed a spectral black mamba
  2813 | D:3      | Noticed a spectral cane toad
  3084 | D:4      | Found a glowing golden altar of the Shining One.
  3090 | D:4      | Reached *** piety under Trog
  3149 | D:4      | Noticed Sigmund
  3192 | D:4      | Killed Sigmund
  3193 | D:4      | Reached skill level 5 in Maces & Flails
  3193 | D:4      | Reached skill level 5 in Armour
  3193 | D:4      | Reached XP level 7. HP: 22/44 MP: 7/7
  3660 | D:5      | Entered Level 5 of the Dungeon
  3697 | D:5      | Slain by an ogre

Illustrated notes

Levels and vault maps discovered:
D:1:      onia_arrival_pentagram, layout_loops_ring,
          hellmonk_ecumenical_altar_pennies_from_heaven
D:2:      layout_basic, basic_altar, chequers_avenue
D:3:      layout_basic, pdpol_wu_jian_five_deadly_venoms, serial_forest,
          infiniplex_forest_diagonal, infiniplex_forest_zigzag_1,
          infiniplex_forest_clump_small, infiniplex_forest_clump_small,
          infiniplex_forest_clump_small, infiniplex_forest_corner_1,
          infiniplex_forest_straight_3, infiniplex_forest_corner_2,
          ebering_ghost_rock_garden
D:4:      layout_basic, slow_altar_2, nicolae_tso_besieged_by_evil,
          lemuel_tele_altar, uniq_sigmund
D:5:      layout_layer_cave, grunt_dithmenos_smoke,
          mainiacjoe_overflow_surrounded_room, gammafunk_ghost_arena,
          uniq_grinder

Skill      XL: |  1  2  3  4  5  6  7 |
---------------+----------------------+-----
Armour         | 3 4 5 |  5.4
Dodging        | 2 3 |  3.0
Maces & Flails | 4 5 |  5.5
Fighting       | 4 |  4.7

Action                     |  1- 3 |  4- 6 |  7- 9 || total
---------------------------+-------+-------+-------++-------
  Melee: Mace              |    58 |   285 |    46 ||   389
         Punch             |     1 |     2 |       ||     3
 Invoke: Berserk           |     1 |     1 |     1 ||     3
    Use: Potion            |     1 |     2 |       ||     3
         Scroll            |       |       |     1 ||     1
   Stab: Sleeping          |     1 |     2 |       ||     3
 Armour: Animal skin       |    27 |    56 |       ||    83
         Ring mail         |       |    41 |    14 ||    55
  Dodge: Dodged            |    37 |   147 |    18 ||   202
  Block: Other             |       |    34 |     5 ||    39
